 Dungeon Crawl Stone Soup version 0.21-a0-94-gdd6ab6a (webtiles) character file.

68 nubinia the Stinger (level 4, 0/24 HPs)
             Began as a Deep Elf Venom Mage on July 2, 2017.
             Was an Initiate of Ashenzari.
             Slain by an orc
             ... wielding a +2 hand axe of flaming
              (2 damage)
             ... on level 3 of the Dungeon.
             The game lasted 00:08:25 (2256 turns).

nubinia the Stinger (Deep Elf Venom Mage)           Turns: 2256, Time: 00:08:26

Health: 0/24       AC:  3    Str:  5    XL:     4   Next: 1%
Magic:  4/11       EV: 13    Int: 20    God:    Ashenzari [......]
Gold:   171        SH:  0    Dex: 16    Spells: 4/10 levels left

rFire    . . .     SeeInvis .   l - +1 hand axe (flame)
rCold    . . .     Gourm    .   (no shield)
rNeg     . . .     Faith    .   a - +0 robe
rPois    .         Spirit   .   s - +0 helmet
rElec    .         Reflect  .   (no cloak)
rCorr    .         Harm     .   (no gloves)
MR       .....                  (no boots)
Stlth    ++........             (no amulet)
HPRegen  0.08/turn              (no ring)
MPRegen  0.12/turn              (no ring)

@: very slightly contaminated
A: no striking features
a: Curse Item, Renounce Religion


You were on level 3 of the Dungeon.
You worshipped Ashenzari.
Ashenzari was noncommittal.
You were not hungry.

You visited 1 branch of the dungeon, and saw 3 of its levels.

You collected 171 gold pieces.

Inventory:

Hand Weapons
 g - a +0 dagger
 l - a +1 hand axe of flaming (weapon)
 p - a +0 rapier
Armour
 a - a +0 robe (worn)
 s - a +0 helmet (worn)
Jewellery
 t - an uncursed ring of ice
Scrolls
 h - a scroll of amnesia {unknown}
 j - a scroll of identify {unknown}
 m - 3 scrolls of teleportation
 n - a scroll of enchant armour {unknown}
 o - a scroll of enchant weapon {unknown}
 r - a scroll of blinking {unknown}
 u - a scroll of random uselessness {unknown}
 v - a scroll of fog {unknown}
Potions
 e - a potion of cancellation
 i - a potion of curing {unknown}
 k - a potion of ambrosia {unknown}
 q - a potion of agility {unknown}
Books
 b - a Young Poisoner's Handbook

   Spells                             Type                      Level
   a - Sting                          Conjuration/Poison           1
   b - Poisonous Vapours              Poison/Air                   2
   c - Mephitic Cloud                 Conjuration/Poison/Air       3
   d - Olgreb's Toxic Radiance        Poison                       4
   e - Venom Bolt                     Conjuration/Poison           5
Comestibles
 c - 2 bread rations
 d - 3 royal jellies
 f - a fruit


   Skills:
 + Level 0.4 Short Blades
 + Level 2.8 Dodging
 + Level 2.8 Stealth
 + Level 3.8 Spellcasting
 + Level 1.5 Conjurations
 + Level 4.2 Poison Magic


You had 4 spell levels left.
You knew the following spells:

 Your Spells              Type           Power        Failure   Level  Hunger
a - Sting                 Conj/Pois      ###.         4%          1    None
b - Poisonous Vapours     Pois/Air       ##....       9%          2    ##.....
c - Mephitic Cloud        Conj/Pois/Air  ##......     17%         3    ###....


Dungeon Overview and Level Annotations

Branches:
Dungeon (3/15)

Altars:
Ashenzari


Message History

The orc hits you with a hand axe of flaming.
The orc burns you.
* * * LOW HITPOINT WARNING * * *
Unknown command.
Unknown command.
Unknown command.
Unknown command.
Casting: Sting
Confirm with . or Enter, or press ? or * to list all spells.
Aiming: Sting
Press: ? - help, Shift-Dir - straight line, f/p - orc
Aim: an orc, wielding a hand axe of flaming and wearing a leather armour (almost dead)
The sting misses the orc.
The sting hits the kobold.
The kobold is poisoned.
You kill the kobold!
You have reached level 4!
You feel clever.
The orc hits you with a hand axe of flaming.
* * * LOW HITPOINT WARNING * * *
The orc burns you.
You die...

#...#..# .....##..... #...#..#
#....##....[ #..._o.#
#..†.##.....
#...#..###############....##....(
....#..)........#....'....##.....
##.###.....####.#.####....##.....
#.###.###.# #...# #....##.....
#.###.....#####..####...###.....
...............o@........(......†
..#######..######.########.#.....
.. #.)........# #.#.....
#######.#######.# #.#.....
#.........# ... .......#
#.##......# ..... .......#
#......# ..............# #......#
#..#####.###### #......# #†#


You could see an orc.

Vanquished Creatures
  An adder (D:2)
  A worm (D:2)
  A dart slug (D:2)
  3 leopard geckos
  3 orcs (D:3)
  2 ball pythons (D:2)
  3 giant cockroaches
  2 goblins
  3 hobgoblins
  4 jackals
  A quokka (D:3)
  9 bats
  2 frilled lizards
  8 kobolds
  4 rats
47 creatures vanquished.

Notes
Turn   | Place    | Note
-------+----------+-------------------------------------------
     0 | D:1      | nubinia the Deep Elf Venom Mage began the quest for the Orb.
     0 | D:1      | Reached XP level 1. HP: 10/10 MP: 6/6
   332 | D:1      | Reached XP level 2. HP: 15/15 MP: 6/8
   337 | D:1      | Learned a level 2 spell: Poisonous Vapours
   773 | D:1      | Reached skill level 4 in Poison Magic
  1260 | D:2      | Reached XP level 3. HP: 19/19 MP: 7/9
  1610 | D:2      | Learned a level 3 spell: Mephitic Cloud
  2216 | D:3      | Found a shattered altar of Ashenzari.
  2225 | D:3      | Became a worshipper of Ashenzari the Shackled
  2256 | D:3      | Reached XP level 4. HP: 7/24 MP: 4/11
  2256 | D:3      | Slain by an orc

Vault maps used:
D:1:      dpeg_arrival_lava_altar
D:3:      lemuel_zombie_altar_kikubaaqudgha, cheibrodos_ashenzari_chains

Skill      XL: |  1  2 |
---------------+-------+-----
Poison Magic   | 4 |  4.2
Short Blades   | |  0.4
Dodging        | |  2.8
Stealth        | |  2.8
Spellcasting   | |  3.8
Conjurations   | |  1.5

Action                   |  1- 3 |  4- 6 || total
-------------------------+-------+-------++-------
Melee: Dagger            |    12 |       ||    12
       Rapier            |     3 |       ||     3
       Hand axe          |     1 |       ||     1
 Cast: Sting             |    57 |     1 ||    58
       Poisonous Vapours |    14 |       ||    14
       Mephitic Cloud    |     1 |       ||     1
  Use: Scroll            |     1 |       ||     1
       Potion            |     1 |       ||     1
 Stab: Sleeping          |     2 |       ||     2
  Eat: Chunk             |     4 |       ||     4
Armor: Robe              |     1 |       ||     1
Dodge: Dodged            |    19 |       ||    19
